Cogmind - Beta 13 @@@ ROGUE MODE // 2024.07.11 @ 16:53:39 Player: polar Result: Destroyed by EQ-000 with Proton Burst Cannon Performance ------------- Evolutions (9) 4500 Regions Visited (26) 5200 Robots Destroyed (239) 1195 Value Destroyed (12230) 12230 Prototype IDs (65) 1300 Alien Tech Used (1) 200 Bonus (14721) 14721 TOTAL SCORE: 39346 Bonus ------- High Alert Combat Kills 701 Follower Combat Kills 2495 Network Hubs Disabled 400 Aligned with FarCom 300 Met Zhirov 300 Built Enhanced Grunts 300 A7 Reached Mainframe 300 Destroyed MAIN.C Guards 500 Met MAIN.C 5000 Hacked MAIN.C 300 Destroyed MAIN.C Shell 5000 Friendly Fire -875 Cogmind --------- Core Integrity 0/1600 Matter 154/550 Energy 790/790 System Corruption 76% Temperature Warm (195) Movement Core (3300) Ox65 Location -1/Command Parts ------- > --- POWER (2) -------- Micro Antimatter Reactor Zero-point Reactor (fused) > --- PROPULSION (6) --- (None) > --- UTILITY (14) ----- Advanced Cooling System (fused) Cargo Storage Unit Advanced Energy Well Matter Compressor Triangulator (fused) Enhanced Optical Array Long-range Terrain Scanner Graphene Brace > --- WEAPON (3) ------- Enhanced Quantum Rifle Enhanced Nova Cannon > --- INVENTORY (30) --- Particle Reactor Zero-point Reactor Experimental Cooling System ECM Suite Centrium Medium Armor Plating Antimissile System Advanced Field Recycling Unit (0) Long-range Proton Cannon HERF Cannon HERF Cannon Enhanced Nova Cannon Hellfire Missile Launcher Advanced Remote Datajack Improved Plasma Cutter Peak State ------------ > --- POWER ------------ Micro Antimatter Reactor Zero-point Reactor > --- PROPULSION ------- Armored Heavy Treads Biometal Heavy Treads Advanced Heavy Siege Treads > --- UTILITY ---------- Advanced Cooling System Cargo Storage Unit Advanced Energy Well Matter Compressor Triangulator Enhanced Optical Array Matter Filter Advanced Weapon Cycler Centrium Medium Armor Plating Heavy Regenerative Plating Graphene Brace Antimissile System > --- WEAPON ----------- Fusion Bomb Launcher Fusion Bomb Launcher Advanced Remote Datajack > --- INVENTORY -------- Particle Reactor Zero-point Reactor Centrium Heavy Treads Biometal Heavy Treads Experimental Cooling System Long-range Terrain Scanner ECM Suite Advanced Phase Shifter Heavy Regenerative Plating Advanced Field Recycling Unit Enhanced Quantum Rifle Enhanced Quantum Rifle Long-range Proton Cannon HERF Cannon HERF Cannon Enhanced Nova Cannon Enhanced Nova Cannon Fusion Bomb Launcher Hellfire Missile Launcher Improved Plasma Cutter [Rating: 195] Favorites ----------- Power Fission Core Engine Deuterium Engine Power Core Fission Core Reactor Particle Reactor Propulsion Centrium Heavy Treads Treads Centrium Heavy Treads Wheel Armored Wheel Flight Unit Flight Unit Utility Advanced System Shield Device Advanced Cooling System Storage Huge Storage Unit Processor Enhanced Optical Array Hackware Advanced System Shield Protection Centrium Medium Armor Plating Weapon Heavy Plasma Cannon Energy Gun Heavy EM Pulse Gun Energy Cannon Heavy Plasma Cannon Ballistic Gun Assault Rifle Ballistic Cannon Assault Cannon Launcher Micro-nuke Launcher Special Weapon Plasma Cutter Impact Weapon Heavy Flail Build | -11 -10 -10 -9 -9 -9 -8 -8 -7 -6 -6 -6 -5 -5 -5 -5 -5 -5 -4 -4 -4 -4 -3 -3 -2 -1 -1 ------- Run | Yrd Mat Min Mat Min Exi Min Mat Fac Fac Low Zio Pro Fac Ext Cet Arc Hub Fac Upp Upp Zhi Pro Res Res Acc Com Slots Evolved 18 | . . . 2 . . . 2 2 2 . . . 2 . . . . 2 . . . . 2 2 2 . Power 1 | . . . . . . . . . . . . . . . . . . . . . . . 1 . . . Propulsion 4 | . . . 2 . . . 2 . . . . . . . . . . . . . . . . . . . Utility 12 | . . . . . . . . 2 2 . . . 2 . . . . 2 . . . . 1 2 1 . Weapon 1 | . . . . . . . . . . . . . . . . . . . . . . . . . 1 . Parts Attached 449 | 8 6 . 13 . 3 . 26 58 12 7 4 . 47 13 6 3 17 59 7 . 10 3 83 3 12 49 Power 39 | 1 . . 4 . . . 3 3 1 . . . 4 3 1 . 1 4 . . 2 . 8 . 1 3 Engine 11 | 1 . . 4 . . . 3 2 . . . . . . . . . . . . . . 1 . . . Core 11 | . . . . . . . . 1 1 . . . 4 3 . . . 2 . . . . . . . . Reactor 17 | . . . . . . . . . . . . . . . 1 . 1 2 . . 2 . 7 . 1 3 Propulsion 103 | 2 3 . 6 . . . 11 30 3 . . . 13 . 1 . 1 13 . . . . 12 . 4 4 Treads 47 | 2 . . . . . . 7 12 3 . . . 3 . 1 . 1 3 . . . . 7 . 4 4 Leg . | . . . . . . . . . . . . . . . . . . . . . . . . . . . Wheel 13 | . 3 . 6 . . . 4 . . . . . . . . . . . . . . . . . . . Hover . | . . . . . . . . . . . . . . . . . . . . . . . . . . . Flight 43 | . . . . . . . . 18 . . . . 10 . . . . 10 . . . . 5 . . . Utility 166 | 2 2 . 1 . 1 . 2 12 5 7 2 . 25 3 2 1 6 23 5 . 5 . 36 3 3 20 Device 85 | 1 . . . . 1 . 2 5 1 4 . . 11 2 . . 3 14 5 . 1 . 20 2 3 10 Storage 16 | 1 2 . 1 . . . . 2 . . . . 2 . . . 1 3 . . . . 2 . . 2 Processor 11 | . . . . . . . . 1 2 . . . 2 . . . . 2 . . . . 3 . . 1 Hackware 20 | . . . . . . . . 2 2 . 1 . 6 . . 1 1 2 . . . . 2 1 . 2 Protection 34 | . . . . . . . . 2 . 3 1 . 4 1 2 . 1 2 . . 4 . 9 . . 5 Artifact . | . . . . . . . . . . . . . . . . . . . . . . . . . . . Weapon 141 | 3 1 . 2 . 2 . 10 13 3 . 2 . 5 7 2 2 9 19 2 . 3 3 27 . 4 22 Energy Gun 18 | 2 1 . 2 . 2 . 5 1 . . . . . . . . . . . . . . . . . 5 Energy Cannon 71 | . . . . . . . 2 4 2 . 1 . 2 5 2 2 6 8 1 . 2 3 21 . 4 6 Ballistic Gun 2 | 1 . . . . . . 1 . . . . . . . . . . . . . . . . . . . Ballistic Cannon 2 | . . . . . . . . 2 . . . . . . . . . . . . . . . . . . Launcher 19 | . . . . . . . 1 1 . . . . . 2 . . 3 1 1 . 1 . 2 . . 7 Special Weapon 18 | . . . . . . . . 3 . . 1 . 2 . . . . 7 . . . . 1 . . 4 Impact Weapon 11 | . . . . . . . 1 2 1 . . . 1 . . . . 3 . . . . 3 . . . Slashing Weapon . | . . . . . . . . . . . . . . . . . . . . . . . . . . . Piercing Weapon . | . . . . . . . . . . . . . . . . . . . . . . . . . . . Special Melee Weapon . | . . . . . . . . . . . . . . . . . . . . . . . . . . . Unidentified Prototypes 19 | . . . 1 . . . 1 2 . . 1 . . . 2 1 2 . . . 4 . 3 . . 2 Corrupted Parts 5 | . . . . . . . . . . . . . . . . . 1 . . . . . . . . 4 System Corruption 34 | . . . . . . . . . . . . . . . . . 2 . . . . . . . . 32 Parts Lost 52 | . 1 . 2 . . . 7 3 . 2 . . 3 . . . 1 3 . . . . 7 . 2 21 Power 7 | . . . 1 . . . 1 . . . . . . . . . . . . . . . 3 . 1 1 Propulsion 13 | . . . . . . . 1 1 . . . . 3 . . . . 2 . . . . 1 . . 5 Utility 17 | . . . . . . . . 2 . 2 . . . . . . . 1 . . . . 2 . . 10 Weapon 15 | . 1 . 1 . . . 5 . . . . . . . . . 1 . . . . . 1 . 1 5 Highest Loss Streak 13 | . 1 . 1 . . . 3 3 . 2 . . 2 . . . 1 1 . . . . 2 . 2 13 To Critical Strikes . | . . . . . . . . . . . . . . . . . . . . . . . . . . . Average Slot Usage (%) 87 | . 100 100 98 100 80 100 97 96 98 100 99 100 86 81 81 82 81 86 78 78 67 78 78 77 77 77 Engine 2 | . 14 14 9 11 11 11 8 3 3 . . . . . . . . . . . . . . . . . Core 2 | . . . . . . . . 3 3 6 6 6 4 5 . . . 3 . . . . . . . . Reactor 2 | . . . . . . . . . . . . . . . 4 5 5 . 5 5 4 5 7 8 7 7 Treads 14 | . 11 . . . . . 23 8 39 40 40 40 7 17 17 17 17 3 15 15 15 15 10 13 11 11 Wheel 5 | . 16 28 43 44 44 44 28 . . . . . . . . . . . . . . . . . . . Flight 6 | . . . . . . . . 36 . . . . 17 . . . . 16 . . . . 2 . . . Device 10 | . 14 14 11 11 11 11 9 8 6 11 13 13 8 11 11 11 5 9 10 10 10 10 11 13 16 18 Storage 6 | . 14 14 11 11 11 11 9 7 6 6 6 6 5 5 5 5 10 5 5 5 5 5 4 4 4 7 Processor 7 | . . . . . . . . 6 12 10 6 6 9 5 5 5 5 14 10 10 10 10 10 8 8 5 Hackware 11 | . . . . . . . . 4 11 6 6 6 16 17 17 17 17 20 15 15 15 15 13 16 16 12 Protection 2 | . . . . . . . . . 1 3 5 6 1 5 5 5 4 . 5 5 4 5 5 4 4 4 Energy Gun 2 | . 14 14 21 22 3 22 9 . . . . . . . . . . . . . . . . . . . Energy Cannon 6 | . . . . . . . 3 1 12 13 13 13 3 10 11 11 9 1 9 10 . 7 6 8 9 8 Special Weapon 1 | . . . . . . . . 5 . . . . 2 . . . . 4 . . . . . . . 1 Impact Weapon 1 | . . . . . . . 2 6 . . . . 3 . . . . 4 . . . . . . . . Naked Turns . | . . . . . . . . . . . . . . . . . . . . . . . . . . . Heaviest Build 255 | 15 51 51 94 92 92 92 99 113 112 122 117 117 127 134 130 129 133 202 191 190 189 191 218 217 233 255 Greatest Support 240 | 40 40 24 52 48 48 48 122 138 146 146 146 146 210 210 220 220 220 240 240 240 240 240 240 235 235 235 Greatest Overweight (x) 8 | 1 2 2 1 1 1 1 2 8 . . . . 3 . . . . . . . . . 1 . 1 1 Average Overweight (x) . | . . 2 . 1 1 1 . . . . . . . . . . . . . . . . . . . . Largest Inventory Capacity 30 | 8 20 20 25 25 25 25 25 25 25 25 25 25 25 25 25 25 25 30 30 30 30 30 30 30 30 30 Average Capacity 22 | 7 12 20 22 25 25 25 25 12 25 25 25 25 15 25 25 25 25 13 30 30 30 30 26 30 30 30 Most Carried 30 | 1 20 20 25 25 25 25 25 25 25 25 25 25 25 25 25 25 25 30 30 30 30 30 30 30 30 30 Average Carried 20 | . 9 19 15 24 25 25 24 8 24 24 24 24 11 25 24 25 24 10 29 29 29 30 25 28 28 26 Final Capacity 30 | 8 20 20 25 25 25 25 25 25 25 25 25 25 25 25 25 25 25 30 30 30 30 30 30 30 30 30 Final Carried 30 | 1 20 20 24 25 25 25 25 25 25 24 25 25 25 25 25 25 25 27 30 30 30 30 30 29 30 14 Class Distribution -------------------- 28% | Mutant 22% | Hacker-Mutant 16% | Hacker-Ninja 14% | Hacker-Skirmisher 4% | Commander-Mutant 4% | Scavenger-Scout Dominant Class ---------------- Mutant | -10/Materials Mutant | -10/Mines Mutant | -9/Materials Mutant | -9/Mines Mutant | -9/Exiles Mutant | -8/Mines Mutant | -8/Materials Scavenger-Scout | -7/Factory Hacker-Mutant | -6/Factory Mutant | -6/Lower Caves Mutant | -6/Zion Mutant | -5/Proximity Caves Hacker-Ninja | -5/Factory Hacker-Mutant | -5/Extension Commander-Mutant | -5/Cetus Commander-Mutant | -5/Archives Hacker-Mutant | -5/Hub_04(d) Hacker-Ninja | -4/Factory Hacker-Mutant | -4/Upper Caves Hacker-Mutant | -4/Upper Caves Hacker-Mutant | -4/Zhirov Hacker-Mutant | -3/Proximity Caves Hacker-Skirmisher | -3/Research Hacker-Skirmisher | -2/Research Hacker-Skirmisher | -1/Access Wizard-Skirmisher | -1/Command Resources | -11 -10 -10 -9 -9 -9 -8 -8 -7 -6 -6 -6 -5 -5 -5 -5 -5 -5 -4 -4 -4 -4 -3 -3 -2 -1 -1 ----------- Run | Yrd Mat Min Mat Min Exi Min Mat Fac Fac Low Zio Pro Fac Ext Cet Arc Hub Fac Upp Upp Zhi Pro Res Res Acc Com Matter Collected 6588 | 262 645 13 169 13 . 57 307 532 378 75 63 1 304 202 70 30 250 700 262 7 . 187 1276 38 63 684 Remotely . | . . . . . . . . . . . . . . . . . . . . . . . . . . . Salvage Created 11697 | 24 645 43 899 . . . 830 163 232 486 . 147 413 713 . 38 971 484 250 . . 479 2779 88 645 1368 Parts 539 | 3 39 6 46 . . . 51 8 12 14 . 5 10 35 . 2 49 17 11 . . 12 133 1 31 54 Haulers Intercepted 7 | . 2 . 3 . . . . 1 . . . . . . . . 1 . . . . . . . . . Recyclers Shooed 2 | . . . . . . . . . . . . . . . . . . . . . . . . . 1 1 Parts Field Recycled 70 | . . . . . . . . 20 . 10 . . 11 17 . . . 12 . . . . . . . . Retrieved Matter 1068 | . . . . . . . . 319 . 120 . . 211 210 . . . 208 . . . . . . . . Parts Self-Destructed 26 | . . . . . . . . . . 9 . 5 . . . . . . 11 . . 1 . . . . Prevented 11 | . . . . . . . . . . . . . . . . . . . 1 . . 10 . . . . Kills | -11 -10 -10 -9 -9 -9 -8 -8 -7 -6 -6 -6 -5 -5 -5 -5 -5 -5 -4 -4 -4 -4 -3 -3 -2 -1 -1 ------- Run | Yrd Mat Min Mat Min Exi Min Mat Fac Fac Low Zio Pro Fac Ext Cet Arc Hub Fac Upp Upp Zhi Pro Res Res Acc Com Combat Hostiles Destroyed 161 | . 10 3 6 . . . 14 2 4 8 . 2 5 10 . . 12 9 8 . . 6 36 1 8 17 Melee 1 | . . . . . . . 1 . . . . . . . . . . . . . . . . . . . Guns 21 | . 7 3 4 . . . 7 . . . . . . . . . . . . . . . . . . . Cannons 77 | . . . . . . . 4 2 4 6 . 2 4 7 . . 5 3 2 . . 3 21 . 6 8 AOE 28 | . 3 . . . . . 1 . . . . . . . . . 6 5 5 . . 1 4 . . 3 Classes Destroyed 18 | 1 8 . 1 . . . 2 1 . 2 . . . 1 . . . . 1 . . . . . . 1 Worker 18 | . 2 . 3 . . . 2 3 1 . . . . . . . 5 . . . . . 2 . . . Builder 8 | . . . . . . . . . . . . . . 2 . . 3 . . . . . . . 3 . Tunneler 2 | 1 . . . . . . . . . . . . . . . . . . . . . . 1 . . . Hauler 7 | . 2 . 3 . . . . 1 . . . . . . . . 1 . . . . . . . . . Recycler 7 | . 1 . 3 . . . . . . . . . . . . . 1 . . . . . 2 . . . Minesweeper 1 | . . . . . . . . . . . . . . . . . . . 1 . . . . . . . Mechanic 1 | . 1 . . . . . . . . . . . . . . . . . . . . . . . . . Operator 8 | . 1 . . . . . . . . . . . . 1 . 1 3 . . . . . 1 . . 1 Watcher 24 | . 3 . 3 . . . . 1 1 . . . 6 . . . . 4 . . . . 5 . . 1 Swarmer 27 | . 3 3 . . . . . . . 2 . . . . . . 5 5 5 . . . 4 . . . Grunt 40 | . 7 . 3 . . . 6 . . 1 . . . 5 . . 3 1 3 . . 3 8 . . . Brawler 2 | . . . . . . . . . . 2 . . . . . . . . . . . . . . . . Duelist 4 | . . . . . . . 1 . . 1 . . . . . . . . . . . 2 . . . . Sentry 25 | . . . 3 . . . 6 . 1 2 . 1 1 2 . . . 1 . . . 1 4 1 1 1 Hunter 14 | . . . . . . . 1 . . . . 1 2 1 . . 2 . . . . . 2 . 3 2 Programmer 42 | . . . . . . . . 2 3 . . . 2 2 . . 2 2 . . . . 18 . 4 7 M Guard 2 | . . . . . . . . . . . . . . . . . . . . . . . . . . 2 Enhanced Grunt 2 | . . . . . . . . . . . . . . . . . 2 . . . . . . . . . Enhanced Q-Series 2 | . . . . . . . . . . . . . . . . . . . . . . . . . . 2 Combat Programmer 2 | . . . . . . . . . . . . . . . . . . . . . . . . . . 2 Samaritan 1 | . . . . . . . . . . 1 . . . . . . . . . . . . . . . . Best Kill Streak 10 | 1 4 3 4 . . . 2 1 2 5 . 1 3 3 . 1 10 5 6 . . 3 4 1 4 3 Combat Bots Only 5 | . 3 3 2 . . . 2 1 1 5 . 1 2 2 . . 5 5 5 . . 3 4 1 3 3 Max Kills in Single Turn 10 | 1 2 2 2 . . . 1 1 2 1 . 1 1 1 . 1 10 4 3 . . 1 2 1 2 1 Gunslinging 1 | . . 1 . . . . . . . . . . . . . . . . . . . . . . . . Exploded 4 | . 1 . . . . . 1 . . . . . . . . . 2 4 3 . . 1 2 . . 1 Melee 1 | . . . . . . . 1 . . . . . . . . . . . . . . . . . . . Uniques/NPCs Destroyed 1 | . . . . . . . . . . . . . . . . . . . . . . . . . . 1 MAIN.C Shell (-1/Command) Combat | -11 -10 -10 -9 -9 -9 -8 -8 -7 -6 -6 -6 -5 -5 -5 -5 -5 -5 -4 -4 -4 -4 -3 -3 -2 -1 -1 -------- Run | Yrd Mat Min Mat Min Exi Min Mat Fac Fac Low Zio Pro Fac Ext Cet Arc Hub Fac Upp Upp Zhi Pro Res Res Acc Com Hostile Shots Fired 1333 | . 59 4 28 . . . 97 23 30 48 . 13 39 40 . . 62 91 40 . . 22 264 24 84 365 Missed 308 | . 22 1 10 . . . 16 6 7 18 . 5 19 7 . . 14 30 12 . . 2 58 . 17 64 Intercepted 22 | . . . . . . . . . . . . . . . . . . . . . . . . . . 22 Damage Taken 27048 | . 421 23 349 . . . 1423 886 401 535 . 172 514 523 24 . 1445 2094 580 . . 552 4477 620 2012 9997 Core 2931 | . 66 9 83 . . . 174 189 38 . . 19 61 45 . . 132 234 . . . . 274 . 550 1057 Absorbed by Shields 146 | . . . . . . . . 16 . . . . . 130 . . . . . . . . . . . . Reduced by Siege Mode 2616 | . . . . . . . . . . . . . 73 109 . . 107 73 23 . . 95 551 61 373 1151 Ignored by Resistances 394 | . . . . . . . . . . . . . . . . . . . . . . . . . . 394 Regen/Repaired (Parts) 3966 | . . . 217 . . . . 36 184 . 154 . 94 . . . . 1040 . . . . 1824 . . 417 Core Remaining (%) 81 | 100 . 70 . . . 79 68 73 . . . 93 . . . . 76 . . . . 79 78 100 . . Volleys Fired 717 | 1 65 2 38 . . . 63 15 29 20 . 13 21 60 . 2 39 12 17 . . 20 140 7 44 109 Largest 3 | 2 2 2 2 . . . 2 2 2 2 . 2 2 2 . 2 2 2 2 . . 2 2 2 3 3 Hottest 360 | 70 70 65 90 . . . 116 145 180 180 . 180 188 188 . 188 188 210 210 . . 162 218 218 353 360 Shots Fired 1327 | 2 130 4 76 . . . 110 30 58 40 . 26 39 102 . 4 69 23 35 1 . 32 227 14 87 218 Gun 323 | 2 130 4 76 . . . 88 2 . . . . . . . . . . . . . . . . . 21 Cannon 925 | . . . . . . . 22 28 58 40 . 26 39 98 . 4 59 21 31 1 . 32 223 14 87 142 Launcher 74 | . . . . . . . . . . . . . . 4 . . 10 2 4 . . . 4 . . 50 Special 5 | . . . . . . . . . . . . . . . . . . . . . . . . . . 5 Kinetic 95 | 1 65 2 . . . . 17 10 . . . . . . . . . . . . . . . . . . Thermal 874 | 1 35 . . . . . 35 18 58 40 . 26 39 71 . 4 59 12 31 1 . 3 193 14 87 147 Explosive 74 | . . . . . . . . . . . . . . 4 . . 10 2 4 . . . 4 . . 50 Electromagnetic 279 | . 30 2 76 . . . 58 2 . . . . . 27 . . . 9 . . . 29 30 . . 16 Robot Hit Streak 33 | 1 9 2 14 . . . 18 6 6 15 . 5 9 15 . 6 7 8 7 . . 17 33 14 15 28 Robot Miss Streak 5 | 1 4 2 5 . . . 2 3 2 1 . 2 2 2 . . 3 2 3 . . 2 3 1 2 2 Penetration Max . | . . . . . . . . . . . . . . . . . . . . . . . . . . . Secondary Targets 1 | . . 1 . . . . . . . . . . . . . . . . . . . . . . . . Max Gunslinging Chain 1 | . . 1 . . . . . . . . . . . . . . . . . . . . . . . . Shots Hit Robots 812 | 1 73 2 51 . . . 89 21 9 31 . 8 21 59 . 4 30 21 14 . . 20 139 10 42 167 Core Hits 344 | 1 28 3 20 . . . 31 4 6 8 . 3 8 24 . 1 43 9 11 . . 10 55 2 20 57 Critical Kills 17 | . . . . . . . . 1 . 1 . . . . . . 1 . 1 . . . 7 1 2 3 Critical Parts Destroyed 7 | . . . . . . . . 1 . . . . 4 . . . . 1 . . . . 1 . . . Critical Strikes 33 | . 1 . 2 . . . 3 2 . 1 . . 4 . . . 1 1 1 . . 1 9 1 2 4 Burn 2 | . 1 . . . . . 1 . . . . . . . . . . . . . . . . . . . Meltdown 15 | . . . . . . . . . . 1 . . . . . . 1 . 1 . . . 6 1 2 3 Corrupt 7 | . . . 2 . . . 2 . . . . . . . . . . . . . . 1 1 . . 1 Smash 9 | . . . . . . . . 2 . . . . 4 . . . . 1 . . . . 2 . . . Melee Attacks 227 | . . . . . . . 6 79 3 . . . 62 . . . . 60 . . . . 17 . . . Impact 227 | . . . . . . . 6 79 3 . . . 62 . . . . 60 . . . . 17 . . . Slashing . | . . . . . . . . . . . . . . . . . . . . . . . . . . . Piercing . | . . . . . . . . . . . . . . . . . . . . . . . . . . . Sneak Attacks 4 | . . . . . . . . 3 . . . . 1 . . . . . . . . . . . . . Combat Hostiles . | . . . . . . . . . . . . . . . . . . . . . . . . . . . Follow-up Attacks . | . . . . . . . . . . . . . . . . . . . . . . . . . . . Damage Inflicted 36378 | 11 1195 56 1096 . . . 1484 780 490 1223 . 342 1427 1913 . 131 2803 1520 1182 . . 902 7074 371 2005 10373 Guns 3483 | 11 1017 56 906 . . . 930 . . . . . . . . . . . . . . . . . . 563 Cannons 21600 | . . . . . . . 413 399 409 1223 . 342 566 1905 . 131 1035 659 509 . . 646 6187 371 2005 4800 Explosions 9796 | . 178 . 190 . . . 85 . 81 . . . 346 8 . . 1751 478 673 . . 256 740 . . 5010 Melee 1422 | . . . . . . . 37 381 . . . . 515 . . . . 342 . . . . 147 . . . Ramming 77 | . . . . . . . 19 . . . . . . . . . 17 41 . . . . . . . . Kinetic 836 | 11 397 28 . . . . 175 225 . . . . . . . . . . . . . . . . . . Thermal 20681 | . 474 . 190 . . . 597 174 490 1223 . 342 566 1371 . 131 1035 434 509 . . 256 5378 371 2005 5135 Explosive 7843 | . . . . . . . . . . . . . 346 8 . . 660 478 673 . . . 668 . . 5010 Electromagnetic 5519 | . 324 28 906 . . . 656 . . . . . . 534 . . 1091 225 . . . 646 881 . . 228 Impact 1422 | . . . . . . . 37 381 . . . . 515 . . . . 342 . . . . 147 . . . Slashing . | . . . . . . . . . . . . . . . . . . . . . . . . . . . Piercing . | . . . . . . . . . . . . . . . . . . . . . . . . . . . Highest Corruption 76 | . 3 3 2 2 2 2 . 8 . 2 2 . . . . . 9 4 4 4 4 4 22 4 7 76 Average Corruption 6 | . 2 3 1 2 2 2 . 5 . 2 2 . . . . . 2 1 4 4 4 4 7 2 5 29 Corruption Purged . | . . . . . . . . . . . . . . . . . . . . . . . . . . . Corruption Blocked 12 | . . . . . . . . . 1 1 . . 1 . . . . 9 . . . . . . . . Effects 364 | . 12 6 4 3 7 2 . 31 . 6 5 . . . . . 2 27 17 11 7 9 91 1 41 82 Message Errors 70 | . 4 3 . 1 2 1 . 7 . 1 1 . . . . . 1 5 4 1 . 4 14 . 8 13 Matter Fused 94 | . 3 1 3 1 4 . . 10 . 2 1 . . . . . 1 9 5 2 4 1 25 . 7 15 Heat Flow Errors 46 | . 1 1 1 . 1 . . 3 . . 1 . . . . . . 1 2 . 2 . 13 . 8 12 Energy Discharges 51 | . . 1 . 1 . . . 6 . . 1 . . . . . . 4 1 4 . 1 11 . 5 16 Parts Rejected 4 | . . . . . . . . . . . . . . . . . . . . . . . 2 . . 2 Parts Fused 5 | . . . . . . . . . . . . . . . . . . 1 . 1 . . 2 . . 1 Data Loss (minor) 38 | . 3 . . . . 1 . 3 . 3 . . . . . . . 4 3 . 1 1 9 1 4 5 Data Loss (major) 18 | . 1 . . . . . . 1 . . 1 . . . . . . 1 . 1 . 1 3 . 7 2 Misfires 13 | . . . . . . . . . . . . . . . . . . 2 2 1 . 1 5 . 1 1 Alerts 8 | . . . . . . . . 1 . . . . . . . . . . . 1 . . 3 . 1 2 Weapon Failures 17 | . . . . . . . . . . . . . . . . . . . . . . . 4 . . 13 Overload Shots 29 | . . . . . . . . 1 6 14 . 6 2 . . . . . . . . . . . . . Overflow Damage 2025 | . . . . . . . 31 147 20 38 . . 421 8 . 36 117 220 48 . . 50 464 . 94 331 Projectiles 978 | . . . . . . . . 46 20 38 . . . 8 . 36 . 36 8 . . 10 379 . 94 303 Explosions 257 | . . . . . . . 31 . . . . . 1 . . . 117 . 40 . . 40 . . . 28 Melee 790 | . . . . . . . . 101 . . . . 420 . . . . 184 . . . . 85 . . . Knockbacks 7 | . . . . . . . . 5 . . . . 1 . . . . . . . . . 1 . . . Impact 4 | . . . . . . . . 2 . . . . 1 . . . . . . . . . 1 . . . Kinetic 3 | . . . . . . . . 3 . . . . . . . . . . . . . . . . . . Secondary . | . . . . . . . . . . . . . . . . . . . . . . . . . . . Self-Inflicted Damage 813 | . 38 . 61 . . . 56 . 93 . . . 53 . . . 215 . 73 . . 134 73 . . 17 Shots 15 | . 1 . 2 . . . 1 . 1 . . . 1 . . . 3 . 1 . . 2 1 . . 2 Rammed 5 | . . . . . . . 2 . . . . . . . . . 2 1 . . . . . . . . Targets Rammed 5 | . . . . . . . 2 . . . . . . . . . 2 1 . . . . . . . . Kicked . | . . . . . . . . . . . . . . . . . . . . . . . . . . . Crushed . | . . . . . . . . . . . . . . . . . . . . . . . . . . . Highest Temperature 678 | 9 139 277 156 . 146 . 248 262 114 240 53 . 42 84 . . 99 333 450 2 208 40 315 333 678 508 Average Temperature 93 | 6 22 103 52 . 77 . 64 54 37 110 53 . 18 41 . . 20 92 124 1 110 12 91 149 203 176 Received Heat Transfer 2882 | . 150 . 105 . . . 450 . 30 72 . 18 36 113 . . 117 105 76 . . 160 577 72 18 783 Effects 33 | . . . . . . . 1 . . . . . . . . . . 1 2 . . . . . 18 11 Shutdowns 7 | . . . . . . . . . . . . . . . . . . . 1 . . . . . 3 3 Energy Bleed 4 | . . . . . . . 1 . . . . . . . . . . . . . . . . . . 3 Interference 4 | . . . . . . . . . . . . . . . . . . . . . . . . . 2 2 Matter Decay 2 | . . . . . . . . . . . . . . . . . . . 1 . . . . . . 1 Short Circuit 1 | . . . . . . . . . . . . . . . . . . . . . . . . . . 1 Damage (minor) 1 | . . . . . . . . . . . . . . . . . . 1 . . . . . . . . Damage (major) 11 | . . . . . . . . . . . . . . . . . . . . . . . . . 11 . Damage (core) 3 | . . . . . . . . . . . . . . . . . . . . . . . . . 2 1 Siege Activations 63 | . . . . . . . . . . . . . 2 10 . 1 7 2 3 . . 2 20 1 4 11 Total Turns 1252 | . . . . . . . . . . . . . 23 128 . 7 88 30 31 . . 32 426 23 86 378 Longest Duration 101 | . . . . . . . . . . . . . 12 28 . 7 33 20 13 . . 19 80 23 47 101 Robots Corrupted 16 | . . . 2 . . . 1 . . . . . . 2 . . 1 1 . . . 2 5 . . 2 Combat Hostiles 15 | . . . 2 . . . 1 . . . . . . 2 . . . 1 . . . 2 5 . . 2 Parts Fried 64 | . 2 . 4 . . . 5 1 . . . . 13 3 . . 5 6 . . . 8 11 . . 6 Impact Corruptions 33 | . . . . . . . . 6 . . . . 18 . . . . 6 . . . . 3 . . . Robots Melted 19 | . . . . . . . . . . 2 . . 1 1 . . 1 . 1 . . . 6 1 2 4 Combat Hostiles 19 | . . . . . . . . . . 2 . . 1 1 . . 1 . 1 . . . 6 1 2 4 Parts Melted 77 | . 2 . . . . . 2 . 1 8 . 2 2 8 . . 3 1 3 . . . 24 2 10 9 Heat Transferred 20166 | . 1025 . 150 . . . 1210 222 435 1485 . 400 750 2050 . 200 1550 333 518 . . 200 4194 370 1776 3298 Parts Sabotaged . | . . . . . . . . . . . . . . . . . . . . . . . . . . . Parts Stolen . | . . . . . . . . . . . . . . . . . . . . . . . . . . . Parts Stripped . | . . . . . . . . . . . . . . . . . . . . . . . . . . . Power Chain Reactions 10 | . 3 . 2 . . . 1 . . . . . . . . . 1 . . . . 2 1 . . . Alert | -11 -10 -10 -9 -9 -9 -8 -8 -7 -6 -6 -6 -5 -5 -5 -5 -5 -5 -4 -4 -4 -4 -3 -3 -2 -1 -1 ------- Run | Yrd Mat Min Mat Min Exi Min Mat Fac Fac Low Zio Pro Fac Ext Cet Arc Hub Fac Upp Upp Zhi Pro Res Res Acc Com Peak Influence 1821 | 5 231 117 374 5 . 45 274 79 240 . . . 343 391 189 145 1821 933 . . . . 897 611 411 292 Initial 888 | . 3 47 45 5 . . 17 . 11 . . . . 156 10 . 50 888 . . . . 23 504 366 122 Average 176 | 1 110 116 161 5 . 5 126 18 28 . . . 64 199 107 123 780 161 . . . . 288 529 206 159 Maximum Alert Level 5 | . 1 . 1 . . . 1 . 1 . . . 1 1 . . 5 3 . . . . 3 2 2 1 Low Security (%) 68 | 100 77 100 57 100 . 100 77 100 96 . . . 88 34 100 100 7 73 . . . . 55 . 60 65 Level 1 20 | . 22 . 42 . . . 22 . 3 . . . 11 65 . . . 16 . . . . 15 . 37 34 Level 2 4 | . . . . . . . . . . . . . . . . . 24 2 . . . . 16 100 1 . Level 3 5 | . . . . . . . . . . . . . . . . . 62 7 . . . . 12 . . . Level 4 . | . . . . . . . . . . . . . . . . . 3 . . . . . . . . . Level 5 . | . . . . . . . . . . . . . . . . . 2 . . . . . . . . . High Security . | . . . . . . . . . . . . . . . . . . . . . . . . . . . Max Security . | . . . . . . . . . . . . . . . . . . . . . . . . . . . Squads Dispatched 76 | . 2 . 3 . . . 2 9 5 . . . 9 1 . . 11 15 . . . . 9 2 4 4 Investigation 22 | . . . 1 . . . . 5 1 . . . 5 . . . 3 6 . . . . . . 1 . Extermination 31 | . . . . . . . . 3 3 . . . 4 . . . 4 4 . . . . 7 1 2 3 Reinforcement 18 | . 2 . 2 . . . 2 1 1 . . . . 1 . . 4 3 . . . . 2 . . . Assault 5 | . . . . . . . . . . . . . . . . . . 2 . . . . . 1 1 1 Garrison . | . . . . . . . . . . . . . . . . . . . . . . . . . . . Intercept . | . . . . . . . . . . . . . . . . . . . . . . . . . . . Searches Triggered . | . . . . . . . . . . . . . . . . . . . . . . . . . . . Construction Impeded 3 | . . . . . . . 1 . . . . . . 1 . . . . . . . . 1 . . . Haulers Reinforced . | . . . . . . . . . . . . . . . . . . . . . . . . . . . Active Scanning Responses . | . . . . . . . . . . . . . . . . . . . . . . . . . . . Cargo Convoy Interrupts 2 | . . . . . . . . 1 . . . . . . . . . 1 . . . . . . . . Stealth | -11 -10 -10 -9 -9 -9 -8 -8 -7 -6 -6 -6 -5 -5 -5 -5 -5 -5 -4 -4 -4 -4 -3 -3 -2 -1 -1 --------- Run | Yrd Mat Min Mat Min Exi Min Mat Fac Fac Low Zio Pro Fac Ext Cet Arc Hub Fac Upp Upp Zhi Pro Res Res Acc Com Distress Signals 15 | . 1 . 1 . . . 3 . . . . . 1 . 1 . 2 1 . . . . 2 . 1 2 Communications Jammed . | . . . . . . . . . . . . . . . . . . . . . . . . . . . Distress Signals . | . . . . . . . . . . . . . . . . . . . . . . . . . . . Times Spotted 368 | . 22 2 19 . . 3 21 10 6 9 . 2 30 23 5 3 39 51 10 . . 7 62 5 17 22 Peak Tracking Total 11 | . 3 2 7 . . 3 5 2 2 7 . 1 6 2 5 1 6 11 5 . . 3 6 5 4 6 Tactical Retreats 43 | . 1 . 1 . . 1 3 2 . 1 . . 9 . . . 1 12 1 . . 2 8 . 1 . Traps | -11 -10 -10 -9 -9 -9 -8 -8 -7 -6 -6 -6 -5 -5 -5 -5 -5 -5 -4 -4 -4 -4 -3 -3 -2 -1 -1 ------- Run | Yrd Mat Min Mat Min Exi Min Mat Fac Fac Low Zio Pro Fac Ext Cet Arc Hub Fac Upp Upp Zhi Pro Res Res Acc Com Traps Triggered 25 | . 2 . 3 . . . . 4 3 . . . 3 . . . 1 6 . . . . 2 . 1 . Indirectly . | . . . . . . . . . . . . . . . . . . . . . . . . . . . Trap Hack Attempts . | . . . . . . . . . . . . . . . . . . . . . . . . . . . Triggered . | . . . . . . . . . . . . . . . . . . . . . . . . . . . Disarmed 1 | . . . . . . . . . . . . . . . . . 1 . . . . . . . . . Reprogrammed 6 | . . . . . . . 6 . . . . . . . . . . . . . . . . . . . Reused 6 | . . . . . . . 6 . . . . . . . . . . . . . . . . . . . Traps Extracted . | . . . . . . . . . . . . . . . . . . . . . . . . . . . Installed . | . . . . . . . . . . . . . . . . . . . . . . . . . . . Triggered 7 | . . . . . . . 6 . . . . . . . . . . 1 . . . . . . . . Machines | -11 -10 -10 -9 -9 -9 -8 -8 -7 -6 -6 -6 -5 -5 -5 -5 -5 -5 -4 -4 -4 -4 -3 -3 -2 -1 -1 ---------- Run | Yrd Mat Min Mat Min Exi Min Mat Fac Fac Low Zio Pro Fac Ext Cet Arc Hub Fac Upp Upp Zhi Pro Res Res Acc Com Machines Disabled 60 | . 1 . 2 . . . 2 1 6 . . . 10 2 . 1 25 4 . . . . 2 . 2 2 Max in Single Turn 13 | . 1 . 1 . . . 1 1 5 . . . 8 1 . . 13 1 . . . . 1 . 1 1 Garrison Access 14 | . . . . . . . 1 2 . . . . 3 . . . . 3 . . . . 1 . 4 . Network Hub 2 | . . . . . . . . . . . . . . . . . 2 . . . . . . . . . Machines Repaired . | . . . . . . . . . . . . . . . . . . . . . . . . . . . Machines Dismantled 13 | . . . . . . . . 5 . . . . 6 . . . . 2 . . . . . . . . Machines Sabotaged . | . . . . . . . . . . . . . . . . . . . . . . . . . . . Overloaded Fab Kills . | . . . . . . . . . . . . . . . . . . . . . . . . . . . Hacking | -11 -10 -10 -9 -9 -9 -8 -8 -7 -6 -6 -6 -5 -5 -5 -5 -5 -5 -4 -4 -4 -4 -3 -3 -2 -1 -1 --------- Run | Yrd Mat Min Mat Min Exi Min Mat Fac Fac Low Zio Pro Fac Ext Cet Arc Hub Fac Upp Upp Zhi Pro Res Res Acc Com Machines Accessed 165 | . 7 . 3 . 2 . 8 30 7 . . . 23 13 1 . 6 25 . 1 4 . 17 2 12 4 Terminals 93 | . 5 . 1 . . . 6 15 3 . . . 11 13 1 . 6 9 . . . . 10 2 7 4 Fabricators 16 | . . . . . . . . 5 2 . . . 3 . . . . 5 . . . . 1 . . . Repair Stations 12 | . . . 1 . . . . 3 2 . . . 2 . . . . 1 . . . . 2 . 1 . Recycling Units 20 | . 2 . 1 . . . 1 4 . . . . 4 . . . . 5 . . . . 2 . 1 . Scanalyzers 3 | . . . . . . . . . . . . . . . . . . 2 . . . . 1 . . . Garrison Access 14 | . . . . . . . 1 3 . . . . 3 . . . . 3 . . . . 1 . 3 . Total Hacks 749 | . 18 . 21 . 5 . 28 63 35 . . . 112 40 1 . 28 140 . 1 17 . 142 25 47 26 Successful 389 | . 11 . 15 . 5 . 18 26 13 . . . 56 21 1 . 17 91 . 1 17 . 65 9 13 10 Failed 360 | . 7 . 6 . . . 10 37 22 . . . 56 19 . . 11 49 . . . . 77 16 34 16 Catastrophic 72 | . 2 . . . . . 1 6 5 . . . 8 2 . . 4 7 . . . . 17 3 12 5 Database Lockouts . | . . . . . . . . . . . . . . . . . . . . . . . . . . . Manual 342 | . 11 . 12 . 1 . 21 30 10 . . . 58 17 1 . 15 71 . . . . 57 18 13 7 Terminals 454 | . 14 . 7 . . . 21 33 21 . . . 63 40 1 . 28 77 . . . . 69 25 29 26 Fabricators 48 | . . . . . . . . 10 6 . . . 15 . . . . 15 . . . . 2 . . . Repair Stations 96 | . . . 7 . . . . 8 8 . . . 13 . . . . 7 . . . . 49 . 4 . Recycling Units 82 | . 4 . 7 . . . 6 9 . . . . 14 . . . . 24 . . . . 11 . 7 . Scanalyzers 22 | . . . . . . . . . . . . . . . . . . 12 . . . . 10 . . . Garrison Access 24 | . . . . . . . 1 3 . . . . 7 . . . . 5 . . . . 1 . 7 . Terminal Hacks 138 | . 2 . . . 5 . 5 3 5 . . . 14 18 1 . 12 26 . 1 17 . 14 5 6 4 Record 9 | . . . . . 4 . . . . . . . . . . . . . . . 5 . . . . . Part Schematic 19 | . . . . . . . . 1 . . . . 4 3 . . 2 5 . . 4 . . . . . Robot Analysis 7 | . 1 . . . . . . . . . . . 1 . . . . . . . 4 . . 1 . . Prototype ID Bank 8 | . . . . . . . . . . . . . 1 1 . . . 2 . . 4 . . . . . Open Door 15 | . . . . . . . . . . . . . 1 8 1 . . . . 1 . . . . 3 1 Open DSF 1 | . . . . . . . . 1 . . . . . . . . . . . . . . . . . . Level Access Points 4 | . . . . . . . . . 1 . . . . . . . . . . . . . 1 1 . 1 Branch Access Points 4 | . . . . . . . . . 1 . . . 1 . . . . 1 . . . . . . 1 . Machine Index 1 | . . . . . . . . . . . . . . . . . 1 . . . . . . . . . Terminal Index 3 | . . . . . . . . . . . . . . . . . . . . . . . 1 1 . 1 Repair Station Index 1 | . . . . . . . . . . . . . . . . . . . . . . . 1 . . . Recycling Unit Index 3 | . . . . . . . . . . . . . . . . . . 1 . . . . 1 1 . . Alert Level 20 | . . . . . . . 2 1 2 . . . 1 3 . . 2 5 . . . . 3 1 . . Unreport Threat 15 | . . . . . . . 2 . . . . . 1 3 . . 2 5 . . . . 1 . 1 . Locate Traps 12 | . 1 . . . . . . . 1 . . . 2 . . . 1 3 . . . . 3 . . 1 Disarm Traps 1 | . . . . . . . . . . . . . . . . . 1 . . . . . . . . . Reprogram Traps 1 | . . . . . . . 1 . . . . . . . . . . . . . . . . . . . Recall Investigation 3 | . . . . . . . . . . . . . . . . . 2 1 . . . . . . . . Recall Extermination 6 | . . . . . . . . . . . . . 2 . . . 1 1 . . . . 1 . 1 . Recall Reinforcements 1 | . . . . . . . . . . . . . . . . . . . . . . . 1 . . . Recall Assault 2 | . . . . . . . . . . . . . . . . . . 2 . . . . . . . . Zone Layout 1 | . . . . . . . . . . . . . . . . . . . . . . . 1 . . . Derelict Proto ID Bank 1 | . . . . . 1 . . . . . . . . . . . . . . . . . . . . . Fabricator Hacks 29 | . . . . . . . . 6 1 . . . 10 . . . . 10 . . . . 2 . . . Load Schematic 12 | . . . . . . . . 3 . . . . 4 . . . . 4 . . . . 1 . . . Build 17 | . . . . . . . . 3 1 . . . 6 . . . . 6 . . . . 1 . . . Repair Station Hacks 48 | . . . 6 . . . . 5 3 . . . 9 . . . . 6 . . . . 18 . 1 . Scan Component 28 | . . . 3 . . . . 3 2 . . . 5 . . . . 3 . . . . 11 . 1 . Repair 20 | . . . 3 . . . . 2 1 . . . 4 . . . . 3 . . . . 7 . . . Recycling Unit Hacks 17 | . 3 . 2 . . . 1 1 . . . . 2 . . . . 6 . . . . 1 . 1 . Recycle Component 1 | . . . 1 . . . . . . . . . . . . . . . . . . . . . . . Process 1 | . . . . . . . . 1 . . . . . . . . . . . . . . . . . . Report Inventory 12 | . 2 . 1 . . . 1 . . . . . 2 . . . . 4 . . . . 1 . 1 . Retrieve Components 3 | . 1 . . . . . . . . . . . . . . . . 2 . . . . . . . . Scanalyzer 18 | . . . . . . . . . . . . . . . . . . 9 . . . . 9 . . . Insert Component 8 | . . . . . . . . . . . . . . . . . . 4 . . . . 4 . . . Analyze 10 | . . . . . . . . . . . . . . . . . . 5 . . . . 5 . . . Garrison Access Hacks 13 | . . . . . . . 1 2 . . . . 3 . . . . 3 . . . . 1 . 3 . Seal Access 13 | . . . . . . . 1 2 . . . . 3 . . . . 3 . . . . 1 . 3 . Unauthorized Hacks 126 | . 6 . 7 . . . 11 9 4 . . . 18 3 . . 5 31 . . . . 20 4 2 6 Terminals 91 | . 6 . 3 . . . 7 6 4 . . . 11 3 . . 5 18 . . . . 16 4 2 6 Track 25 | . 2 . 1 . . . 2 . 1 . . . 3 . . . 2 7 . . . . 4 1 . 2 Assimilate 6 | . . . . . . . 1 2 . . . . 1 . . . 1 . . . . . 1 . . . Botnet 48 | . 3 . 1 . . . 3 4 2 . . . 6 3 . . 2 8 . . . . 9 2 2 3 Disrupt 6 | . 1 . 1 . . . 1 . . . . . . . . . . 2 . . . . 1 . . . Operators 6 | . . . . . . . . . 1 . . . 1 . . . . 1 . . . . 1 1 . 1 Fabricators 5 | . . . . . . . . . . . . . 2 . . . . 3 . . . . . . . . Report 2 | . . . . . . . . . . . . . 1 . . . . 1 . . . . . . . . Liberate 2 | . . . . . . . . . . . . . 1 . . . . 1 . . . . . . . . Recompile 1 | . . . . . . . . . . . . . . . . . . 1 . . . . . . . . Repair Stations . | . . . . . . . . . . . . . . . . . . . . . . . . . . . Recycling Units 30 | . . . 4 . . . 4 3 . . . . 5 . . . . 10 . . . . 4 . . . Monitor 4 | . . . 1 . . . 1 . . . . . 1 . . . . 1 . . . . . . . . Reject 11 | . . . 1 . . . 1 1 . . . . 2 . . . . 4 . . . . 2 . . . Recyclers 2 | . . . 1 . . . 1 . . . . . . . . . . . . . . . . . . . Mask 13 | . . . 1 . . . 1 2 . . . . 2 . . . . 5 . . . . 2 . . . Scanalyzers . | . . . . . . . . . . . . . . . . . . . . . . . . . . . Garrison Access . | . . . . . . . . . . . . . . . . . . . . . . . . . . . Data Cores Recovered . | . . . . . . . . . . . . . . . . . . . . . . . . . . . Used . | . . . . . . . . . . . . . . . . . . . . . . . . . . . Hacking Detections 118 | . 6 . 3 . . . 7 27 7 . . . 18 8 . . 6 15 . . . . 10 2 6 3 Full Trace Events 18 | . 1 . 1 . . . . 5 . . . . 3 . . . 3 4 . . . . . . 1 . Feedback Events 1 | . . . 1 . . . . . . . . . . . . . . . . . . . . . . . Corruption 1 | . . . 1 . . . . . . . . . . . . . . . . . . . . . . . Feedback Blocked 1 | . . . . . . . . . . . . . . . . . 1 . . . . . . . . . Robot Schematics Acquired . | . . . . . . . . . . . . . . . . . . . . . . . . . . . Robots Built 4 | . . . . . . . . . . . . . 4 . . . . . . . . . . . . . Authchips . | . . . . . . . . . . . . . . . . . . . . . . . . . . . Time 134 | . . . . . . . . . . . . . 134 . . . . . . . . . . . . . Total Robot Build Rating 16 | . . . . . . . . . . . . . 16 . . . . . . . . . . . . . Part Schematics Acquired 26 | . . . . . . . . 1 . . . . 4 3 . . 2 8 . . 4 . 4 . . . Parts Built 17 | . . . . . . . . 3 1 . . . 5 . . . . 7 . . . . 1 . . . Authchips 4 | . . . . . . . . . . . . . 3 . . . . . . . . . 1 . . . Time 1227 | . . . . . . . . 152 53 . . . 333 . . . . 587 . . . . 102 . . . Total Part Build Rating 113 | . . . . . . . . 17 6 . . . 33 . . . . 49 . . . . 8 . . . Parts Repaired 20 | . . . 3 . . . . 2 1 . . . 4 . . . . 3 . . . . 7 . . . Time 898 | . . . 96 . . . . 64 19 . . . 135 . . . . 254 . . . . 330 . . . Parts Recycled 1 | . . . 1 . . . . . . . . . . . . . . . . . . . . . . . Recycled Matter 29 | . . . . . . . . 29 . . . . . . . . . . . . . . . . . . Retrieved Matter . | . . . . . . . . . . . . . . . . . . . . . . . . . . . Retrieved Components 9 | . 3 . . . . . . . . . . . . . . . . 6 . . . . . . . . Parts Scanalyzed 8 | . . . . . . . . . . . . . . . . . . 4 . . . . 4 . . . Part Schematics Acquired 7 | . . . . . . . . . . . . . . . . . . 3 . . . . 4 . . . Parts Damaged 1 | . . . . . . . . . . . . . . . . . . . . . . . 1 . . . Bothacking | -11 -10 -10 -9 -9 -9 -8 -8 -7 -6 -6 -6 -5 -5 -5 -5 -5 -5 -4 -4 -4 -4 -3 -3 -2 -1 -1 ------------ Run | Yrd Mat Min Mat Min Exi Min Mat Fac Fac Low Zio Pro Fac Ext Cet Arc Hub Fac Upp Upp Zhi Pro Res Res Acc Com Used RIF Installer . | . . . . . . . . . . . . . . . . . . . . . . . . . . . Robots Hacked 4 | . . . . . . . . . . . . . . . . . . . . . . . . . . 4 Non-combat . | . . . . . . . . . . . . . . . . . . . . . . . . . . . Combat 3 | . . . . . . . . . . . . . . . . . . . . . . . . . . 3 Robot Hacks Applied 4 | . . . . . . . . . . . . . . . . . . . . . . . . . . 4 parse_system 4 | . . . . . . . . . . . . . . . . . . . . . . . . . . 4 Manual 1 | . . . . . . . . . . . . . . . . . . . . . . . . . . 1 Relay Couplers Released . | . . . . . . . . . . . . . . . . . . . . . . . . . . . Fabnet Peak Effective % . | . . . . . . . . . . . . . . . . . . . . . . . . . . . Robots Rewired 20 | . . . . . . . . 1 . 2 . . . 17 . . . . . . . . . . . . Allies Hacked . | . . . . . . . . . . . . . . . . . . . . . . . . . . . Hacks Repelled . | . . . . . . . . . . . . . . . . . . . . . . . . . . . Allies | -11 -10 -10 -9 -9 -9 -8 -8 -7 -6 -6 -6 -5 -5 -5 -5 -5 -5 -4 -4 -4 -4 -3 -3 -2 -1 -1 -------- Run | Yrd Mat Min Mat Min Exi Min Mat Fac Fac Low Zio Pro Fac Ext Cet Arc Hub Fac Upp Upp Zhi Pro Res Res Acc Com Total Allies 49 | . . . . 1 . . . 2 . 2 . . 5 28 5 . 1 5 . . . . . . . . Largest Group 26 | . . . . 1 1 . . 2 . 2 . . 5 22 26 24 21 3 . . . . . . . . Highest-Rated Group 1223 | . . . . 31 31 . . 66 . 61 . . 74 774 1223 1183 889 141 . . . . . . . . Highest-Rated Ally 159 | . . . . 31 31 . . 40 . 32 . . 26 159 159 159 96 49 . . . . . . . . Total Orders 36 | . . . . . . . . 2 . . . . 2 14 8 4 6 . . . . . . . . . STAY 20 | . . . . . . . . 2 . . . . 2 7 4 2 3 . . . . . . . . . FOLLOW 16 | . . . . . . . . . . . . . . 7 4 2 3 . . . . . . . . . Ally Attacks 332 | . . . . . . . . . . 5 . . 8 90 26 31 145 27 . . . . . . . . Total Damage 9430 | . . . . . . . . . . 133 . . 54 2545 565 592 4596 945 . . . . . . . . Kills 62 | . . . . . . . . . . . . . . 19 5 4 30 4 . . . . . . . . Allies Corrupted 2 | . . . . . . . . . . . . . . . . . 2 . . . . . . . . . Allies Melted 2 | . . . . . . . . . . . . . . . . . . . . . . . . . . 2 Intel | -11 -10 -10 -9 -9 -9 -8 -8 -7 -6 -6 -6 -5 -5 -5 -5 -5 -5 -4 -4 -4 -4 -3 -3 -2 -1 -1 ------- Run | Yrd Mat Min Mat Min Exi Min Mat Fac Fac Low Zio Pro Fac Ext Cet Arc Hub Fac Upp Upp Zhi Pro Res Res Acc Com Robot Analysis Total 7 | . 1 . . . . . . . . . . . 1 . . . . . . . 4 . . 1 . . Derelict Logs Recovered 4 | . . 1 . . . . . . . . . 1 . . . . . . 1 1 . . . . . . Drone Launches . | . . . . . . . . . . . . . . . . . . . . . . . . . . . Drone Recoveries . | . . . . . . . . . . . . . . . . . . . . . . . . . . . Exploration | -11 -10 -10 -9 -9 -9 -8 -8 -7 -6 -6 -6 -5 -5 -5 -5 -5 -5 -4 -4 -4 -4 -3 -3 -2 -1 -1 ------------- Run | Yrd Mat Min Mat Min Exi Min Mat Fac Fac Low Zio Pro Fac Ext Cet Arc Hub Fac Upp Upp Zhi Pro Res Res Acc Com Turns Passed 33991 | 97 1297 263 1356 169 371 211 2021 2742 1476 643 1402 916 3401 2721 559 135 1366 3576 740 405 390 509 3568 316 1749 1592 Spaces Moved 24357 | 55 767 209 964 154 348 180 988 3783 702 337 866 548 3387 1183 259 65 592 4477 403 253 230 272 1818 156 852 509 Core 13 | 8 . . . . . . . 5 . . . . . . . . . . . . . . . . . . Treads 9857 | 47 277 . . . . . 234 228 702 337 866 548 524 1183 259 65 592 353 403 253 230 272 967 156 852 509 Legs . | . . . . . . . . . . . . . . . . . . . . . . . . . . . Wheels 3099 | . 490 209 964 154 348 180 754 . . . . . . . . . . . . . . . . . . . Hover . | . . . . . . . . . . . . . . . . . . . . . . . . . . . Flight 11388 | . . . . . . . . 3550 . . . . 2863 . . . . 4124 . . . . 851 . . . Fastest Speed 23 | 50 90 120 92 105 105 105 105 23 160 160 160 160 27 180 173 173 170 28 160 160 160 160 31 166 150 155 Average Speed 95 | 147 129 120 104 105 105 105 120 36 161 160 160 160 51 180 173 173 172 42 160 160 160 160 107 166 159 169 Slowest Speed 520 | 160 160 120 107 105 105 105 170 520 162 160 160 160 264 180 180 173 173 173 160 160 160 160 240 166 238 246 Overloaded Moves . | . . . . . . . . . . . . . . . . . . . . . . . . . . . Propulsion Burnouts . | . . . . . . . . . . . . . . . . . . . . . . . . . . . Robots Hopped 65 | . . . . . . . . 17 . . . . 7 . . . . 40 . . . . 1 . . . Cave-ins Triggered 2 | . . . . . . . . 1 . . . . . . . . . 1 . . . . . . . . Time Travels 1 | . . . . . 1 . . . . . . . . . . . . . . . . . . . . . Exploration Rate (%) 49 | 4 86 64 34 22 61 32 52 62 16 67 84 59 41 91 75 81 52 50 51 46 61 50 32 5 28 19 Regions Visited 26 Branch Regions 16 Pre-discovered Areas 7 | . . 2 . . 1 . . . . . 1 . . . . . . . . . 3 . . . . . Known Exits Taken 7 | . . . . . . . . . 1 . . 1 1 . . . . 1 . . . . 1 1 1 . Unknown Exits Taken 19 | 1 1 1 1 1 1 1 1 1 . 1 1 . . 1 1 1 1 . 1 1 1 1 . . . . Scrap Searched 12 | . . 1 . 1 . 1 . . . . 2 2 . . . . . . 2 2 . 1 . . . . Spaces Dug 378 | . . . . . . . 4 62 30 . . 14 71 24 . . 18 51 2 . . 2 64 2 20 14 Terrain Destroyed 1380 | . 7 . 5 . . . 8 62 115 8 . 17 112 93 . . 533 89 75 1 . 33 150 3 35 34 Melee 184 | . . . . . . . 4 59 2 . . . 55 . . . . 51 . . . . 13 . . . Projectile 294 | . . . . . . . 1 3 37 8 . 17 17 23 . . 21 3 17 1 . 3 71 3 35 34 AOE 902 | . 7 . 5 . . . 3 . 76 . . . 40 70 . . 512 35 58 . . 30 66 . . . Terrain Rammed . | . . . . . . . . . . . . . . . . . . . . . . . . . . . Walls Destroyed . | . . . . . . . . . . . . . . . . . . . . . . . . . . . Machines Disabled . | . . . . . . . . . . . . . . . . . . . . . . . . . . . Actions | -11 -10 -10 -9 -9 -9 -8 -8 -7 -6 -6 -6 -5 -5 -5 -5 -5 -5 -4 -4 -4 -4 -3 -3 -2 -1 -1 --------- Run | Yrd Mat Min Mat Min Exi Min Mat Fac Fac Low Zio Pro Fac Ext Cet Arc Hub Fac Upp Upp Zhi Pro Res Res Acc Com Total 33311 | 65 944 218 1271 161 353 202 1693 4911 987 398 884 562 4775 1672 368 83 861 6007 462 254 252 313 3176 200 1168 1071 Wait 6484 | 1 71 4 115 5 . 23 582 743 224 24 4 . 1074 278 96 12 199 1318 33 . . 19 1017 31 233 378 Move 24215 | 54 766 208 963 153 347 179 987 3749 701 336 865 547 3372 1182 258 64 592 4408 402 252 229 271 1815 155 851 509 Hop 52 | . . . . . . . . 15 . . . . 7 . . . . 29 . . . . 1 . . . Pick Up 403 | 1 27 2 74 2 . . 15 91 8 . 4 1 52 1 2 . 4 45 3 1 1 . 45 2 14 8 Fast Attach 154 | 7 . . 4 . 3 . 6 26 5 . 4 . 16 2 3 2 9 17 . . 10 . 31 . 5 4 Attach 128 | . 1 . 5 . . . 9 15 3 2 . . 20 . . . 1 17 . . . . 19 3 5 28 Detach 39 | . . . . . . . . 5 . . . . 11 . . . . 7 . . 1 . 7 1 . 7 Swap 168 | 1 5 . 4 . . . 11 17 4 5 . . 11 11 3 1 7 25 7 . 1 3 33 . 2 17 Drop 426 | . 9 2 68 1 3 . 12 96 10 . 7 1 60 6 6 2 9 47 . 1 10 . 50 1 14 11 Fire 717 | 1 65 2 38 . . . 63 15 29 20 . 13 21 60 . 2 39 12 17 . . 20 140 7 44 109 Melee 227 | . . . . . . . 6 79 3 . . . 62 . . . . 60 . . . . 17 . . . Ram 2 | . . . . . . . 2 . . . . . . . . . . . . . . . . . . . Kick . | . . . . . . . . . . . . . . . . . . . . . . . . . . . Crush 1 | . . . . . . . . . . . . . . . . . 1 . . . . . . . . . Escape Stasis 18 | . . . . . . . . 12 . . . . . . . . . 6 . . . . . . . . Rewire 144 | . . . . . . . . 1 . 11 . . . 132 . . . . . . . . . . . . Trap . | . . . . . . . . . . . . . . . . . . . . . . . . . . . Miscellaneous 133 | . . . . . . . . 47 . . . . 69 . . . . 16 . . . . 1 . . . Route ------- -11/Scrapyard -10/Materials (discovered 4 exits: *Mat x3 / [*Min]) -10/Mines (discovered 2 exits: *Mat x2) -9/Materials -9/Mines -9/Exiles -8/Mines -8/Materials -7/Factory (discovered 3 exits: *Fac x2 / [*Low]) -6/Factory (discovered 6 exits: Fac x4 / *Low x2) -6/Lower Caves (discovered 2 exits: [*Low] / *Zio) -6/Zion -5/Proximity Caves -5/Factory (discovered 7 exits: *Fac x3 / *Upp x2 / *Ext x2) -5/Extension (discovered 2 exits: *Fac / *Cet) -5/Cetus -5/Archives (discovered 3 exits: *Fac / *Hub x2) -5/Hub_04(d) (discovered 2 exits: *Fac x2) -4/Factory (discovered 3 exits: *Res / *Upp x2) -4/Upper Caves -4/Upper Caves -4/Zhirov -3/Proximity Caves -3/Research (discovered 3 exits: *Res x3) -2/Research (discovered 4 exits: *Acc x3 / Qua) -1/Access -1/Command (discovered 2 exits: Sur x2) History --------- Turn | Location | Event 8 | -11/Scrapyard | Discovered new exit (range 16) 98 | -11/Scrapyard | Entered Materials 308 | -10/Materials | Build established: Mutant 880 | -10/Materials | Discovered new exit (range 16) 1224 | -10/Materials | Discovered new exit (range 9) 1291 | -10/Materials | Discovered new exit (range 15) 1377 | -10/Materials | Discovered new exit (range 15) 1395 | -10/Materials | Entered Mines 1433 | -10/Mines | A weapon hastily lodged in a ceiling crevice suddenly fell to the ground 1448 | -10/Mines | Learned location of Zion (-6) 1530 | -10/Mines | Discovered new exit (range 11) 1534 | -10/Mines | Learned location of Storage (-9) 1572 | -10/Mines | Discovered new exit (range 5) 1658 | -10/Mines | Entered Materials 1658 | -9/Materials | Evolved 2 slots: Propulsion x2 1758 | -9/Materials | Discovered new exit (range 14) 2164 | -9/Materials | Repaired Arm. Wheel 2196 | -9/Materials | Repaired Arm. Wheel 2229 | -9/Materials | Repaired Hvy. EM Pulse Gun 3014 | -9/Materials | Entered Mines 3050 | -9/Mines | Received a Mining Laser from a helpful Derelict 3177 | -9/Mines | Deemed a non-threat by the Exiles lab entrance 3178 | -9/Mines | Discovered new exit (range 5) 3183 | -9/Mines | Entered Exiles 3183 | -9/Exiles | Accompanied by 1 ally 3212 | -9/Exiles | Met 8R-AWN 3225 | -9/Exiles | Met EX-HEX 3297 | -9/Exiles | Met EX-DEC 3324 | -9/Exiles | Met EX-BIN 3381 | -9/Exiles | Aligned with FarCom system 3382 | -9/Exiles | Given EX-Vault access code 3406 | -9/Exiles | Opened EX-Vault 3414 | -9/Exiles | Found Chronowheel 3414 | -9/Exiles | Activated Chronowheel 3414 | -9/Exiles | Spacetime reconverged on an earlier point 3436 | -9/Exiles | Warned to stay clear of 0b10 Research branches 3541 | -9/Exiles | Discovered new exit (range 14) 3554 | -9/Exiles | Entered Mines 3583 | -8/Mines | Discovered new exit (range 3) 3765 | -8/Mines | Entered Materials 3765 | -8/Materials | Evolved 2 slots: Propulsion x2 4498 | -8/Materials | Lost 3 parts (1n2w) 5766 | -8/Materials | Discovered new exit (range 8) 5786 | -8/Materials | Entered Factory 5786 | -7/Factory | Evolved 2 slots: Utility x2 6432 | -7/Factory | Discovered new exit (range 15) 6433 | -7/Factory | Build established: Scavenger-Scout 6546 | -7/Factory | Fabricated Micro-nuke Launcher? 6658 | -7/Factory | Fabricated Imp. System Shield? 6708 | -7/Factory | Cargo convoy interrupted 6736 | -7/Factory | Repaired Cesium-ion Thruster 6764 | -7/Factory | Repaired Flight Unit 6808 | -7/Factory | Discovered new exit (range 9) 7010 | -7/Factory | Discovered new exit (range 7) 7293 | -7/Factory | Fabricated Imp. System Shield (x1) 7577 | -7/Factory | Crushed by falling debris 7608 | -7/Factory | Lost 3 parts (1n2u) 8104 | -7/Factory | Build established: Sprinter 8528 | -7/Factory | Entered another Factory area 8528 | -6/Factory | Evolved 2 slots: Utility x2 8529 | -6/Factory | Build established: Mutant 8727 | -6/Factory | Fabricated Adv. Cooling System (x1) 8976 | -6/Factory | Build established: Hacker-Mutant 9003 | -6/Factory | Discovered new exit (range 15) 9085 | -6/Factory | Identified exit to Lower Caves 9085 | -6/Factory | Identified exit to Factory 9575 | -6/Factory | Repaired Arm. Treads 10004 | -6/Factory | Entered Lower Caves 10006 | -6/Lower Caves | Attracted the attention of an 0b10 checkpoint 10191 | -6/Lower Caves | Attracted the attention of an 0b10 outpost 10295 | -6/Lower Caves | Build established: Mutant 10372 | -6/Lower Caves | Spotted B-75 Beast 10521 | -6/Lower Caves | A Derelict revealed a hidden shortcut to a safe place 10579 | -6/Lower Caves | Discovered new exit (range 12) 10647 | -6/Lower Caves | Entered Zion 10725 | -6/Zion | Found Prototype Special Weapon 10725 | -6/Zion | Identified RU-N14's Throwing Claymores 10795 | -6/Zion | Discovered new exit (range 21) 10898 | -6/Zion | Received a hallucinogenic algorithm 10928 | -6/Zion | System corruption cleaned by Quarantine Array 11003 | -6/Zion | Given A8's code to call for help 12049 | -6/Zion | Entered Proximity Caves 12057 | -5/Proximity Caves | Attracted the attention of an 0b10 checkpoint 12623 | -5/Proximity Caves | Learned 12 Factory zone layouts 12668 | -5/Proximity Caves | Spotted B-75 Beast 12904 | -5/Proximity Caves | Discovered exit to Factory (range 10) 12965 | -5/Proximity Caves | Entered Factory 12965 | -5/Factory | Evolved 2 slots: Utility x2 12966 | -5/Factory | Identified exit to Extension 12966 | -5/Factory | Identified exit to Upper Caves 13117 | -5/Factory | Discovered new exit (range 21) 13386 | -5/Factory | Fabricated Smartbomb Launcher? 13727 | -5/Factory | Fabricated S-27 Virus (x4) 13800 | -5/Factory | Build established: Hacker-Ninja 14088 | -5/Factory | Discovered new exit (range 18) 14690 | -5/Factory | Repaired Nuclear Pulse Thruster 14714 | -5/Factory | Repaired Mic. Nuclear Core 15392 | -5/Factory | Fabricated Hvy. Siege Treads (x1) 15441 | -5/Factory | Discovered new exit (range 12) 15445 | -5/Factory | Repaired Xenon Bombardment Thruster 15491 | -5/Factory | Repaired Mic. Nuclear Core 15587 | -5/Factory | Fabricated Hvy. Siege Treads (x1) 15648 | -5/Factory | Fabricated Hvy. Siege Treads (x1) 15702 | -5/Factory | Fabricated Adv. Hacking Suite (x1) 16127 | -5/Factory | Build established: Hacker-Mutant 16366 | -5/Factory | Entered Extension 16704 | -5/Extension | Rescued A7 17633 | -5/Extension | Rescued a captive Derelict 17633 | -5/Extension | Rescued a captive Derelict 17806 | -5/Extension | Build established: Commander-Mutant 17922 | -5/Extension | Spotted B-75 Beast 17939 | -5/Extension | Allies destroyed B-75 Beast 17950 | -5/Extension | Spotted B-75 Beast 17982 | -5/Extension | Allies destroyed B-75 Beast 18013 | -5/Extension | Lost 4 allies 18171 | -5/Extension | Discovered new exit (range 22) 18173 | -5/Extension | Discovered new exit (range 21) 18286 | -5/Extension | Build established: Hacker-Mutant 18573 | -5/Extension | Rescued a captive Derelict 18742 | -5/Extension | Rescued a captive Derelict 18743 | -5/Extension | Rescued a captive Derelict 18825 | -5/Extension | Rescued a captive Derelict 18857 | -5/Extension | Rescued a captive Derelict 18884 | -5/Extension | Rescued a captive Derelict 18885 | -5/Extension | Rescued a captive Derelict 18932 | -5/Extension | Build established: Commander-Mutant 18941 | -5/Extension | Rescued a captive Derelict 19087 | -5/Extension | Entered Cetus 19087 | -5/Cetus | Accompanied by 22 allies (A7) 19092 | -5/Cetus | Acquired a Cetus Manufacturing Module code from A7 19152 | -5/Cetus | Spotted Cetus Guard 19152 | -5/Cetus | Spotted Cetus Guard 19154 | -5/Cetus | Spotted Cetus Guard 19163 | -5/Cetus | Allies destroyed Cetus Guard 19164 | -5/Cetus | Allies destroyed Cetus Guard 19164 | -5/Cetus | Spotted Cetus Guard 19166 | -5/Cetus | Allies destroyed Cetus Guard 19170 | -5/Cetus | Allies destroyed Cetus Guard 19331 | -5/Cetus | Started Cetus Manufacturing Module 19345 | -5/Cetus | Escorted A7 to Cetus Mainframe 19356 | -5/Cetus | Manufactured an Enhanced Grunt 19381 | -5/Cetus | Manufactured an Enhanced Grunt 19406 | -5/Cetus | Manufactured an Enhanced Grunt 19431 | -5/Cetus | Manufactured an Enhanced Grunt 19456 | -5/Cetus | Manufactured an Enhanced Grunt 19501 | -5/Cetus | Discovered new exit (range 21) 19646 | -5/Cetus | Entered Archives 19646 | -5/Archives | Accompanied by 24 allies (A7) 19651 | -5/Archives | Received a hacking code to weaken MAIN.C 19669 | -5/Archives | Discovered new exit (range 22) 19678 | -5/Archives | Unable to access archive contents 19718 | -5/Archives | Discovered new exit (range 21) 19747 | -5/Archives | Discovered new exit (range 14) 19781 | -5/Archives | Entered Hub_04(d) 19781 | -5/Hub_04(d) | Accompanied by 21 allies 19918 | -5/Hub_04(d) | Lost 15 allies 20004 | -5/Hub_04(d) | Found Prototype Launcher 20004 | -5/Hub_04(d) | Identified Scatter Rocket Array 20153 | -5/Hub_04(d) | Build established: Hacker-Mutant 20430 | -5/Hub_04(d) | Discovered new exit (range 5) 20769 | -5/Hub_04(d) | Discovered new exit (range 6) 20790 | -5/Hub_04(d) | Spotted B-75 Beast 21071 | -5/Hub_04(d) | Network Hub disabled 21073 | -5/Hub_04(d) | Spotted Lightning 21073 | -5/Hub_04(d) | Spotted Lightning 21075 | -5/Hub_04(d) | Spotted Lightning 21115 | -5/Hub_04(d) | Network Hub disabled 21115 | -5/Hub_04(d) | Spotted Lightning 21115 | -5/Hub_04(d) | Spotted Lightning 21115 | -5/Hub_04(d) | Spotted Lightning 21147 | -5/Hub_04(d) | Entered Factory 21147 | -4/Factory | Evolved 2 slots: Utility x2 21397 | -4/Factory | First assault squad dispatched 21522 | -4/Factory | Identified exit to Upper Caves 21683 | -4/Factory | Build established: Hacker-Ninja 21697 | -4/Factory | Fabricated Adv. Component Analysis Suite? 21878 | -4/Factory | Discovered new exit (range 13) 21883 | -4/Factory | Crushed by falling debris 21922 | -4/Factory | Spotted B-86 Titan 22096 | -4/Factory | Fabricated Particle Reactor? 22384 | -4/Factory | Fabricated Adv. Powered Armor? 22813 | -4/Factory | Fabricated Centrium Heavy Treads (x1) 23077 | -4/Factory | Repaired Centrium Heavy Treads 23189 | -4/Factory | Repaired Centrium Medium Armor Plating? 23206 | -4/Factory | Lost 3 allies 23329 | -4/Factory | Repaired Hvy. Flail 23807 | -4/Factory | Fabricated Centrium Heavy Treads (x1) 23861 | -4/Factory | Fabricated Cargo Storage Unit (x1) 24151 | -4/Factory | Cargo convoy interrupted 24723 | -4/Factory | Entered Upper Caves 24993 | -4/Upper Caves | Build established: Hacker-Mutant 25020 | -4/Upper Caves | Encountered a Warlord checkpoint 25312 | -4/Upper Caves | Discovered new exit (range 15) 25463 | -4/Upper Caves | Entered another Upper Caves area 25689 | -4/Upper Caves | Learned Research emergency access door positions 25707 | -4/Upper Caves | Discovered new exit (range 7) 25868 | -4/Upper Caves | Entered Zhirov 25869 | -4/Zhirov | Discovered new exit (range 3) 25898 | -4/Zhirov | Met Zhirov 25929 | -4/Zhirov | Learned location of Quarantine (-2) 25929 | -4/Zhirov | Learned location of Testing (-3) 25929 | -4/Zhirov | Learned location of Command (-1) 25943 | -4/Zhirov | Zhirov requested help retrieving the SGEMP Prototype 25971 | -4/Zhirov | Found Alien Artifact 25971 | -4/Zhirov | Identified Integrated Reactor 25971 | -4/Zhirov | Installed Integrated Reactor, increased core energy generation (+10) 26258 | -4/Zhirov | Entered Proximity Caves 26601 | -3/Proximity Caves | Attracted the attention of an 0b10 checkpoint 26722 | -3/Proximity Caves | Discovered new exit (range 8) 26767 | -3/Proximity Caves | Entered Research 26767 | -3/Research | Evolved 2 slots: Power x1, Utility x1 27000 | -3/Research | Identified exit to Research 27067 | -3/Research | Build established: Hacker-Skirmisher 28016 | -3/Research | Spotted B-86 Titan 28476 | -3/Research | Repaired Broken Centrium Heavy Treads 28533 | -3/Research | Repaired Centrium Medium Armor Plating 28588 | -3/Research | Repaired Centrium Heavy Treads 28601 | -3/Research | Found Adv. Powered Armor 28707 | -3/Research | Repaired Broken Adv. Cooling System 29084 | -3/Research | System corruption reached 10% 29282 | -3/Research | Spotted B-86 Titan 29303 | -3/Research | Repaired Broken Antimissile System 29431 | -3/Research | Found Prototype Processor 29431 | -3/Research | Identified Exp. Targeting Computer 29457 | -3/Research | Found Fusion Bomb Launcher 29458 | -3/Research | Found Fusion Bomb Launcher 29459 | -3/Research | Found Fusion Bomb Launcher 29482 | -3/Research | Build established: Hacker-Ninja 29552 | -3/Research | Repaired Broken Lrn. Terrain Scanner? 29647 | -3/Research | Repaired Broken Lrn. Phase Cannon? 29653 | -3/Research | Fabricated Centrium Heavy Treads? 30003 | -3/Research | Found Prototype Protection 30003 | -3/Research | Identified Centrium Heavy Armor Plating 30286 | -3/Research | Build established: Hacker-Mutant 30335 | -3/Research | Entered another Research area 30335 | -2/Research | Evolved 2 slots: Utility x2 30336 | -2/Research | Identified exit to Quarantine 30362 | -2/Research | Identified exit to Access 30625 | -2/Research | First assault squad dispatched 30629 | -2/Research | Build established: Hacker-Skirmisher 30651 | -2/Research | Entered Access 30651 | -1/Access | Evolved 2 slots: Utility x1, Weapon x1 30996 | -1/Access | Spotted B-99 Colossus 31276 | -1/Access | Identified exit to Command 32400 | -1/Access | Entered Command 32698 | -1/Command | System corruption reached 10% 32724 | -1/Command | Build established: Wizard-Skirmisher 33173 | -1/Command | Identified exit to Surface 33202 | -1/Command | Spotted M Guard 33203 | -1/Command | Spotted M Guard 33208 | -1/Command | Spotted Combat Programmer 33208 | -1/Command | Spotted Combat Programmer 33266 | -1/Command | Destroyed Combat Programmer 33269 | -1/Command | Core integrity fell below 50% 33290 | -1/Command | Destroyed Combat Programmer 33309 | -1/Command | Destroyed M Guard 33325 | -1/Command | Destroyed M Guard 33325 | -1/Command | All MAIN.C guards destroyed 33335 | -1/Command | Lost 4 parts (3u1w) 33360 | -1/Command | System corruption reached 30% 33372 | -1/Command | Found Corrupted Prototype Launcher 33378 | -1/Command | Found Corrupted Prototype Protection 33389 | -1/Command | Found Corrupted Prototype Protection 33401 | -1/Command | Found Corrupted Prototype Reactor 33409 | -1/Command | Found Corrupted Prototype Reactor 33495 | -1/Command | Identified Zero-point Reactor (x2) 33523 | -1/Command | Identified Hvy. Regenerative Plating (x2) 33568 | -1/Command | Met MAIN.C 33625 | -1/Command | Hacked MAIN.C using A7's code 33666 | -1/Command | Destroyed MAIN.C Shell 33669 | -1/Command | MAIN.C activated Command garrisons 33669 | -1/Command | Surrendered to MAIN.C 33669 | -1/Command | Loaded intel: 56 machine locations 33669 | -1/Command | Loaded intel: 106 trap records 33669 | -1/Command | Discovered exit to Surface (range 62) 33669 | -1/Command | Discovered exit to Surface (range 75) 33877 | -1/Command | MAIN.C activated Command garrisons 33917 | -1/Command | Unknown forces attacked Command 33917 | -1/Command | Spotted EQ-000 33917 | -1/Command | Spotted EQ-001 33917 | -1/Command | Spotted EQ-002 33917 | -1/Command | Spotted EQ-004 33917 | -1/Command | Spotted EQ-003 33934 | -1/Command | Spotted EQ-006 33936 | -1/Command | Core integrity fell below 20% 33941 | -1/Command | Spotted EQ-005 33950 | -1/Command | Lost 3 allies 33951 | -1/Command | Destroyed EQ-004 33954 | -1/Command | Destroyed EQ-003 33992 | -1/Command | Destroyed by EQ-000 with Proton Burst Cannon Last Messages --------------- 33982_ Adv. Weapon Cycler destroyed. 33983_ K-01 Serf collects debris. 33983_ System corrupted: Enh. Quantum Rifle failed to cycle. 33983_ Destroyed Hvy. Linear Accelerator. 33983_ MAIN.C reaction time slowed by virus. 33984_ System corrupted: Enh. Nova Cannon rejected. 33984_ MAIN.C reaction time slowed by virus. 33986_ Acquired Enh. Nova Cannon. 33987_ MAIN.C reaction time slowed by virus. 33988_ EQ-001 destroyed. 33988_ K-01 Serf collects debris. 33988_ R-10 Processor collects Wheel. 33988_ Biometal Heavy Treads destroyed. 33989_ P-80 Master resets K-01 Serf, system corruption cleaned. 33991_ MAIN.C reaction time slowed by virus. [Achievement: Collector] Map ----- +----------------------------------------------------+ | ?????????# * #????????????????????????????? | | ?????????# ! #????????????????????????????? | | ??######## ###????###???#?????????????????? | | ??# # ##?????????????????????????????? | | ??# ] # #???????#??????????????????????? | | ??# + #?#??????#?????#???????????????? | | ### # #????????#?????????????????????? | | / # #?###########################??? | | ### # ""#?#????????#???#???????#????#?#? | | ??######## ""#?#?#######################?#??? | | ########## ""###?#" " % ###### | | T#?###" #?#??? | | ""#?###" % % % ###### | | ""###?#" % | | ! ""#?#?# % | | #?#?# = | | #?#?# % %= ###### | | ##### #?#??? | | ########## #?#?# " M ###### | | ## # #?#?# " p % ""#?#??? | | ## # #?#?# """"###??? | | ### ## # ##### =% " ""#?#??? | | ### ## # #?#?# ""#?#??? | | ## + # #?### % " ###??? | | ########+#+## ;####K " ###??? | | #??#?#?# p R% % @ " #?#??? | | ##??????# Q k " #?#??? | | ???##???# #?#??? | | ??#?????# ####;;;#### #?#??? | | ???#?#??# ##?# ??##?# " "" " "#?#??? | | #??#????# #????####?# """ " #?#??? | | ####????# #######?#?#########################??? | | ###?## ## #?#???#??????????#?#????????#??? | | #??## # ] #?###########################??? | | ###?# # #???????##?#??#?#??#???????##??? | | #?#?# # ###???#?##?????#?#?????????#???? | | ## #???# + #?#???#?????????#?#????????????? | | ?# #???# # ##???????#?????????????????????? | | ?#^#?#?## ## ##?#??????????????????#????????? | | ?# #???## ## #???#????#???????#?????????????? | | ?# #???## ##] #??#?????????#???#?#???????????? | | ?# ###### ########????????#????????#???????????? | | ?# # # #??#????????????#??#?????????#???#???? | | ?# # # #??#??????????????#?#????????????????? | | ?# # # #???????????#??????????????#?????????? | | ?# # # #????????#?#??????##????#?#??????????? | | ## # [!# #?????#??????????????????????????????? | | # [ # #??????##?#??##??##??????????????????? | | # # #????????????????????????????????????? | | # =# #?#??#?#?????????????????????????????? | +----------------------------------------------------+ Best States ------------- Heat Dissipation 102 Energy Generation 57 Energy Capacity 890 Matter Stores 550 Matter Capacity 550 Sight Range 22 Terrain Scan Range 24 Terrain Scan Density 210 ECM Strength 1 Cloak Strength 3 Corruption Block 9 Armor Coverage 2400 Resistance: EX 50 Point Defense Rating 240 Weapon Cycling 25 Phase Shifting 15 Evasion (%) 65 Target Analysis 6 Recoil Reduction 6 Matter Filtering 30 Particle Charging 30 Offensive Hacking 28 Defensive Hacking 49 Authchip Count 4 Item Schematics ----------------- Imp. System Shield | -7/Factory | Hacked Adv. Remote Datajack | -5/Factory | Hacked Hvy. Siege Treads | -5/Factory | Hacked Adv. Hacking Suite | -5/Factory | Hacked Adv. System Shield | -5/Factory | Hacked Nova Cannon | -5/Extension | Hacked Imp. Force Field | -5/Extension | Hacked Hyb. Fission Core | -5/Extension | Hacked Imp. Launcher Guidance Computer | -5/Hub_04(d) | Hacked Adv. Plasma Cannon | -5/Hub_04(d) | Hacked Adv. Launcher Guidance Computer | -4/Factory | Hacked Centrium Heavy Treads | -4/Factory | Scanalyzed Nuclear Pulse Thruster | -4/Factory | Scanalyzed Quantum Reactor | -4/Factory | Hacked Imp. Cloaking Device | -4/Factory | Scanalyzed Cargo Storage Unit | -4/Factory | Hacked Enh. Quantum Rifle | -4/Factory | Hacked Adv. Cryofiber Web | -4/Factory | Hacked Assault Drone Bay | -4/Zhirov | Free Exp. Heat Sink | -4/Zhirov | Free Exp. Optical Array | -4/Zhirov | Free Imp. Arc Thrower | -4/Zhirov | Free Lrn. Terrain Scanner | -3/Research | Scanalyzed Adv. Powered Armor | -3/Research | Scanalyzed Particle Accelerator | -3/Research | Scanalyzed Antimissile System | -3/Research | Scanalyzed Robot Schematics ------------------ None Fabricated ------------ Micro-nuke Launcher | x1 | -7/Factory | Preloaded Imp. System Shield | x1 | -7/Factory Imp. System Shield | x1 | -7/Factory Adv. Cooling System | x1 | -6/Factory | Preloaded Smartbomb Launcher | x1 | -5/Factory | Preloaded S-27 Virus | x4 | -5/Factory | Preloaded Hvy. Siege Treads | x1 | -5/Factory | Authchip Hvy. Siege Treads | x1 | -5/Factory | Authchip Hvy. Siege Treads | x1 | -5/Factory | Authchip Adv. Hacking Suite | x1 | -5/Factory Adv. Component Analysis Suite | x1 | -4/Factory | Preloaded Particle Reactor | x2 | -4/Factory | Preloaded Adv. Powered Armor | x1 | -4/Factory | Preloaded Centrium Heavy Treads | x1 | -4/Factory Centrium Heavy Treads | x1 | -4/Factory Cargo Storage Unit | x1 | -4/Factory Centrium Heavy Treads | x1 | -3/Research | Authchip Alien Tech Used ----------------- Integrated Reactor Achievements -------------- Collector Packrat Poison In The Code Production Line Challenges ------------ None Game ------ Seed ThiefNetworkBlaster Manual? 0 Play Time 11:29:23 Cumulative 222.5 hours Start 2024.07.10 @ 14:04:23 End 2024.07.11 @ 16:53:39 Sessions 3 Manual Loads 0 Difficulty Rogue Special Mode None Game No. 86 Rogue 85 Adventurer 0 Explorer 1 Win Type - Total 4 Types 2/0/1/1/0/0/0/0/0 Lore% 77 Gallery% 75 Achievement% 67 Wizard Run 0 Options --------- Layout 2 ASCII 0 Keyboard 0 Movement Numpad Keybinds 0 Fullscreen 1 Font 24/Smallcaps Map View 50x44 Zoom Use 0% Tactical HUD 1 Map Filters NONE Filters NONE Steam 0 RUN: e81e9576-0cef-4e93-be18-909a9e4cb28f